Arrhythmia, neutral female human Valkyrie -------- ------ - - - |......| |.$$$| . |<....%| |.$$$| -------- | |......- #..$$$| |......| # . . |......| #|.$$$. #######........##################### # | -|----.- #------ # |......| -+-+-## . # # ########## -------- |...|# | . # # ##@....# - ? # # |@..|# # # # ### |...| # # # # |...| # # # ### |...| ## # ------+--- # ----- | -.----------# |.........? ### . - |..(.(.....|# |...$......| # . .. | |..........|# |.........^-)))# |..........|# ------------ |...........# ------------ Arrhythmia the Fighter Experience level: 8 Strength: 18/03 Dexterity: 12 Constitution: 18 Intelligence: 9 Wisdom: 7 Charisma: 7 Health: 0(78) Energy: 23(23) AC: -1 Gold: 34 Moves: 3800 Your Inventory: Coins $ - 34 gold pieces Amulets j - an [uncursed] lunate amulet [of magical breathing] Weapons a - an uncursed thoroughly rusty +1 long sword b - an uncursed +0 dagger (in quiver) m - 9 [uncursed +0] darts w - a cursed very rusty +0 dwarvish mattock (weapon in hands) Armor c - an uncursed +3 small shield q - an [uncursed] +0 dwarvish iron helm (being worn) r - an [uncursed] +0 dwarvish mithril-coat (being worn) s - an [uncursed] +0 pair of iron shoes (being worn) E - an [uncursed +0] shield of reflection F - an [uncursed] +0 oilskin cloak (being worn) Comestibles d - an uncursed food ration H - an [uncursed] lizard corpse Scrolls y - an uncursed scroll of create monster C - an uncursed scroll of flood Potions g - an uncursed potion of gain energy h - a blessed potion of see invisible B - an [uncursed] clear potion [of water] Rings A - an [uncursed] ridged ring [of fire resistance] Wands x - an [uncursed] wand of create monster [0:13] Tools e - an uncursed oil lamp (0:1497) I - an [uncursed] key [skeleton key] Gems v - 2 [uncursed] black gems [worthless glass] G - 2 [uncursed] yellow gems [worthless glass] Spells known in the end: Name Level Category Fail Memory Your skills at the end: Fighting Skills Weapon Skills dagger [Basic / Expert] long sword [Basic / Expert] Spellcasting Skills Final Attributes: You were piously aligned. Hunger level was 697. Your alignment was 27 / 29. Monster difficulty range was 1 - 8. Level difficulty was 8. You were immune to cold. You were stealthy. You were fast. Your luck was zero. Odin was angry with you (1). You are dead. Vanquished creatures: a small mimic 2 orc mummies a lizard a dog a jaguar 2 ravens 4 water moccasins 3 apes an imp a water nymph 2 Uruk-hai a rock piercer an enormous rat a shrieker a gnome lord a kobold mummy a paper golem 2 little dogs 6 dwarves 2 homunculi a rothe a centipede a giant bat 2 monkeys a werejackal 2 iguanas 7 killer bees a gas spore 2 hobbits 2 large kobolds 2 giant rats 2 cave spiders 7 gnomes 10 jackals a fox a kobold 2 goblins 3 sewer rats 7 grid bugs 2 lichens 3 kobold zombies 2 newts 97 creatures vanquished. Voluntary challenges: You used a wielded weapon 132 times. You read items or engraved 50 times. You put on armor 16 times. You never genocided any monsters. You never polymorphed an object. You never changed form. You used 2 wishes. You wrote Elbereth's name 29 times. You never encountered a bones level. You never used any Sokoban shortcuts. Dungeon overview: The Dungeons of Doom: levels 1 to 8 Level 1 an altar a long staircase Level 2 a bookstore Level 3 a general store, an altar Level 4 a sink stairs to The Gnomish Mines Level 5 an altar Level 7 a sink Level 8 <- You were here The Gnomish Mines: Level 5 stairs to The Dungeons of Doom History has recorded: On T:1 you entered the Dungeons of Doom to retrieve the Amulet of Yendor! On T:272 you reached level 2 of The Dungeons of Doom. On T:280 you advanced to experience level 2. On T:420 you advanced to experience level 3. On T:569 you reached level 3 of The Dungeons of Doom. On T:716 you advanced to experience level 4. On T:911 you advanced to experience level 5. On T:1022 you reached level 4 of The Dungeons of Doom. On T:1340 you reached level 1 of The Gnomish Mines. On T:1390 you advanced to experience level 6. On T:2012 you advanced to experience level 7. On T:2035 you reached level 5 of The Dungeons of Doom. On T:2434 you reached level 6 of The Dungeons of Doom. On T:3175 you advanced to experience level 8. On T:3228 you wished for "shield of reflection". On T:3231 you wished for "oilskin cloak". On T:3239 you reached level 7 of The Dungeons of Doom. On T:3447 you reached level 8 of The Dungeons of Doom. Latest messages: [HP+1=26] [HP+1=27] [HP+1=28] [HP+1=29] [HP+1=30] You stop searching. [7 turns] You miss the Woodland-elf. The Woodland-elf thrusts her elven short sword. The Woodland-elf hits! [HP-8=22] You miss the Woodland-elf. (2x) The Woodland-elf thrusts her elven short sword. The Woodland-elf hits! [HP-11=11] You miss the Woodland-elf. The Woodland-elf thrusts her elven short sword. The Woodland-elf misses. You miss the Woodland-elf. You begin praying to Odin. The Woodland-elf thrusts her elven short sword. The Woodland-elf hits! [HP-5=6] The Woodland-elf thrusts her elven short sword. The Woodland-elf hits! You die... Final status: Farvel Arrhythmia the Valkyrie... You died in The Dungeons of Doom on dungeon level 8 with 5765 points, and 34 pieces of gold, after 3800 moves. You were level 8 with a maximum of 78 hit points when you died.